 Dungeon Crawl Stone Soup version 0.29.1-12-g30fa7ad0bf (webtiles) character file.

Game seed: 2487229514552778879

121 Sanktem7 the Trooper (level 4, -7/42 HPs)
             Began as a Minotaur Fighter on Dec 16, 2022.
             Mangled by Natasha (8 damage)
             ... on level 2 of the Dungeon.
             The game lasted 00:02:10 (1658 turns).

Sanktem7 the Trooper (Minotaur Fighter)             Turns: 1658, Time: 00:02:11

Health: -7/42      AC:  9    Str: 22    XL:     4   Next: 77%
Magic:  3/3        EV:  7    Int:  5    God:
Gold:   33         SH:  4    Dex: 10    Spells: 3/3 levels left

rFire   . . .      SeeInvis .   a - +0 war axe {axe}
rCold   . . .      Faith    .   c - +0 buckler
rNeg    . . .      Spirit   .   k - +0 chain mail
rPois   .          Reflect  .   (helmet restricted)
rElec   .          Harm     .   (no cloak)
rCorr   .          Rampage  .   (no gloves)
Will    .....                   (no boots)
Stlth   ..........              (no amulet)
HPRegen 0.14/turn               (no ring)
MPRegen 0.08/turn               (no ring)

@: no status effects
A: horns 2, retaliatory headbutt
a: no special abilities


You were on level 2 of the Dungeon.
You visited 1 branch of the dungeon, and saw 2 of its levels.

You collected 33 gold pieces.


Innate Abilities, Weirdness & Mutations

You have a pair of horns on your head.
You reflexively headbutt those who attack you in melee.


   Skills:
 * Level 5.1 Fighting
 * Level 4.2 Axes
 + Level 4.3 Armour
 - Level 3.6 Shields


You had 3 spell levels left.
You didn't know any spells.
Your spell library was empty.

Inventory:

Hand Weapons
 a - a +0 war axe (weapon) {axe}
Missiles
 i - a throwing net {=f!fthrowing}
Armour
 c - a +0 buckler (worn)
 k - a +0 chain mail (worn)
   (You found it on level 2 of the Dungeon)
Scrolls
 b - a scroll of fear {unknown}
 f - a scroll of poison {unknown}
 h - 2 scrolls of enchant weapon {unknown}
 j - a scroll of teleportation {unknown}
 m - a scroll of noise {unknown}
Potions
 d - a potion of might
 e - 2 potions of attraction {unknown}
 g - 2 potions of heal wounds {unknown}
 n - a potion of degeneration {unknown}

Dungeon Overview and Level Annotations

Branches:
Dungeon (2/15) Zot: 10302

Altars:

Annotations:
D:2 Natasha

#.######.......
#......†....h..
#.....# ##.####
#.# #.# #.# #h#
#@# #.# #.# #.#
#†# ##
########†#
#####.
#........#
#....#
#.#########
#.###. #.# #..
#.# #.


You could see Natasha.


Message History

😕 HP[-1]
You take 1 damage, and now have 37/41 hp.
You closely miss the quokka. The quokka barely misses you.
You barely miss the quokka. You headbutt the quokka.
You kill the quokka!
No target in view!
No target in view!
No target in view!
No target in view!
No target in view!
No target in view!
No target in view!
No target in view!
No target in view!
No target in view!
No target in view!
You see here a quokka corpse.
Natasha, Servant of Life and Death comes into view. 😎 HP[+4]
Your hp is fully restored (41).
Natasha hisses angrily.
Natasha casts a spell at you.
You feel yourself slow down. Natasha claws you but does no damage.
You closely miss Natasha. Your headbutt misses Natasha. Natasha claws you.
Natasha closely misses you. You furiously retaliate!
You headbutt Natasha! 😕 HP[-2]
You take 2 damage, and now have 39/41 hp.
You barely miss Natasha. Your headbutt misses Natasha.
Natasha claws you but does no damage. x2 😕 HP[+1]
You closely miss Natasha. Natasha claws you. Natasha casts a spell at you.
The magic dart hits you. 😮 HP[-11]
You take 11 damage, and now have 29/41 hp.
MASSIVE DAMAGE!! (PAUSE) Natasha mumbles some strange words.
Natasha claws you but does no damage. Natasha completely misses you.
You closely miss Natasha. Natasha claws you but does no damage.
The shadow imp hits you but does no damage.
Natasha stares at you and mumbles some strange words.
You resist with some effort. 😮 HP[+1]
You hit Natasha but do no damage. Your headbutt misses Natasha.
You hit the shadow imp but do no damage.
The shadow imp gestures at you. Pain shoots through your body!
* * * LOW HITPOINT WARNING * * *
Natasha growls.
Natasha claws you.
* * * LOW HITPOINT WARNING * * *
The shadow imp shouts, "Slither hence, thou beslubbering boil-brained fleecer!"
The shadow imp hits you but does no damage.
Natasha stares at you and mumbles some strange words.
The magic dart hits you.
* * * LOW HITPOINT WARNING * * *
😨 HP[-18]
You take 18 damage, and now have 12/41 hp.
MASSIVE DAMAGE!! (PAUSE)
You slash Natasha!
You kill Natasha!
Natasha screams in pain as she dies!
The shadow imp disappears in a puff of smoke!
Your Fighting skill increases to level 5!
You now have 42 max hp (+1).
Unknown command.
You feel yourself speed up.
Natasha, Servant of Life and Death comes into view. 😨 HP[+2]
You regained 2 hp, and now have 14/42 hp.
Natasha hisses angrily. 😨 HP[+1] Natasha stares at you and mumbles some strange words.
The magic dart hits you.
* * * LOW HITPOINT WARNING * * *
😨 HP[-3]
You take 3 damage, and now have 12/42 hp.
Natasha claws you but does no damage.
You miss Natasha. Natasha claws you.
* * * LOW HITPOINT WARNING * * *
😱 HP[-5]
You take 5 damage, and now have 7/42 hp.
You closely miss Natasha. Natasha casts a spell at you.
You resist with some effort.
You miss Natasha. Your headbutt misses Natasha. Natasha barely misses you.
You block Natasha's attack.
You slash Natasha! Your headbutt misses Natasha.
Natasha claws you but does no damage. 😱 HP[+1]
You closely miss Natasha. You block Natasha's attack.
You hit Natasha but do no damage. You headbutt Natasha. Natasha claws you.
* * * LOW HITPOINT WARNING * * *
Natasha claws you.
* * * LOW HITPOINT WARNING * * *
😱 HP[-7]
You take 7 damage, and now have 1/42 hp.
You closely miss Natasha. Natasha claws you!
You die...

Skill      XL: |  1  2  3  4 |
---------------+-------------+-----
Fighting       | 4 5 |  5.1
Axes           | 3 4 |  4.2
Armour         | 4 |  4.3
Shields        | |  3.6

Action                   |  1- 3 |  4- 6 || total
-------------------------+-------+-------++-------
Melee: War axe           |    63 |    20 ||    83
       Headbutt          |     4 |     3 ||     7
Armor: Scale mail        |    22 |       ||    22
       Chain mail        |    14 |     9 ||    23
Dodge: Dodged            |    28 |     4 ||    32
Block: Buckler           |    15 |     4 ||    19

Levels and vault maps discovered:
D:1:      co_arrival_random_square_maze, layout_loops_ring,
          hellmonk_ecumenical_altar_inner_sanctum
D:2:      layout_loops_ring, uniq_natasha

Notes
Turn   | Place    | Note
-------+----------+-------------------------------------------
     0 | D:1      | Sanktem7 the Minotaur Fighter began the quest for the Orb.
     0 | D:1      | Reached XP level 1. HP: 19/19 MP: 0/0
     0 | D:1      | magus.rc [v1.9.6]
   399 | D:1      | Reached skill level 4 in Fighting
   399 | D:1      | Reached XP level 2. HP: 27/27 MP: 1/1
   405 | D:1      | Reached skill level 3 in Axes
   779 | D:1      | Reached XP level 3. HP: 33/33 MP: 2/2
   817 | D:1      | Found a faded altar of an unknown god.
   892 | D:1      | Reached skill level 4 in Armour
  1071 | D:2      | Noticed Natasha
  1082 | D:2      | Killed Natasha
  1289 | D:2      | Reached skill level 4 in Axes
  1289 | D:2      | Reached XP level 4. HP: 25/41 MP: 3/3
  1617 | D:2      | Noticed Natasha
  1628 | D:2      | Killed Natasha
  1629 | D:2      | Reached skill level 5 in Fighting
  1641 | D:2      | Noticed Natasha
  1652 | D:2      | HP: 7/42 [Natasha (5)]
  1657 | D:2      | HP: 4/42 [Natasha (4)]
  1657 | D:2      | HP: 1/42 [Natasha (3)]
  1658 | D:2      | Mangled by Natasha

Vanquished Creatures
  A hound (D:2)
  Natasha (twice) (D:2)
  A gnoll (D:1)
  A dart slug (D:2)
  3 ball pythons
  4 bats
  3 endoplasms (D:1)
  A giant cockroach (D:1)
  3 goblins
  3 hobgoblins
  2 kobolds
  A quokka (D:2)
  2 frilled lizards (D:1)
  3 rats (D:1)
30 creatures vanquished.

Table legend:
 A = Non-vault XP
 B = Vault XP
 C = Vault XP percentage of total XP
 D = Non-vault monster count
 E = Vault monster count
 F = Vault count percentage of total count
                 A         B        C        D         E       F
            +---------+---------+-------+---------+---------+-------
      Total |     138 |      36 |  20.7 |      29 |       1 |   3.3
            +---------+---------+-------+---------+---------+-------
        D:1 |      46 |       0 |   0.0 |      19 |       0 |   0.0
        D:2 |      92 |      36 |  28.1 |      10 |       1 |   9.1
            +---------+---------+-------+---------+---------+-------

Illustrated notes

Table legend:
 A = Kills in this place as a percentage of kills in entire the game.
 B = Kills by you in this place as a percentage of kills by you in the entire game.
 C = Kills by friends in this place as a percentage of kills by friends in the entire game.
 D = Other kills in this place as a percentage of other kills in the entire game.
 E = Experience gained in this place as a percentage of experience gained in the entire game.
 F = Experience gained in this place divided by the number of levels of this place that you have seen.
                   A       B       C       D       E      F
               +-------+-------+-------+-------+-------+----------------------
         Total | 100.0 | 100.0 |   N/A |   N/A | 100.0 |  87.0
       Dungeon | 100.0 | 100.0 |   N/A |   N/A | 100.0 |  87.0
               +-------+-------+-------+-------+-------+----------------------

Table legend: (Time is in decaauts)
 A = Elapsed time spent in this place.
 B = Non-inter-level travel time spent in this place.
 C = Inter-level travel time spent in this place.
 D = Time resting spent in this place.
 E = Time spent auto-exploring this place.
 F = Levels seen in this place.
 G = Mean time per level.
                   A        B        C        D        E       F      G
               +--------+--------+--------+--------+--------+-----+--------+
         Total |   1696 |   1659 |     37 |      0 |   1427 |   2 |  848.0 |
       Dungeon |   1696 |   1659 |     37 |      0 |   1427 |   2 |  848.0 |
               +--------+--------+--------+--------+--------+-----+--------+

Top non-repeatable levels by time:
     D:1: 988 daAuts
     D:2: 707 daAuts
